 Seeded DCSS version 0.30-a0-122-g2a1322497e (webtiles) character file.

Game seed: 4494969674076410242 (custom seed)

98 NinjaNoafa the Stinger (level 4, -4/30 HPs)
             Began as a Merfolk Venom Mage on Sept 15, 2022.
             Was an Initiate of Sif Muna.
             Slain by Ijyb
             ... wielding a +5 club
              (8 damage)
             ... on level 3 of the Dungeon.
             The game lasted 00:05:50 (2432 turns).

NinjaNoafa the Stinger (Merfolk Venom Mage)         Turns: 2432, Time: 00:05:51

Health: -4/30      AC:  4    Str:  8    XL:     4   Next: 71%
Magic:  5/7        EV: 13    Int: 19    God:    Sif Muna [......]
Gold:   88         SH:  5    Dex: 14    Spells: 6/7 levels left

rFire   . . .      SeeInvis .    p - +1 dagger (freeze)
rCold   . . .      Faith    .    (no shield)
rNeg    . . .      Spirit   .    f - +0 robe of Snakes and Ladders {*Corrode Will+ Int+3}
rPois   .          Reflect  +    q - +0 helmet
rElec   .          Harm     .    (no cloak)
rCorr   +          Rampage  .    d - +0 pair of gloves
Will    +....                    (no boots)
Stlth   ++........               k - amulet of reflection
HPRegen 0.10/turn                o - ring of resist corrosion
MPRegen 0.10/turn                (no ring)

@: no status effects
A: (nimble swimmer 2), mertail
a: Renounce Religion


You were on level 3 of the Dungeon.
You worshipped Sif Muna.
Sif Muna was noncommittal.
You visited 1 branch of the dungeon, and saw 3 of its levels.

You collected 88 gold pieces.

Inventory:

Hand Weapons
 p - a +1 dagger of freezing (weapon)
Missiles
 e - 27 stones
 h - 2 boomerangs
Armour
 d - a +0 pair of gloves (worn)
 f - the +0 robe of Snakes and Ladders (worn) {*Corrode Will+ Int+3}
   (You found it on level 2 of the Dungeon)

   Int:       It affects your intelligence (+3).
   *Corrode:  It may corrode you when you take damage.
   Will:      It increases your willpower.
 q - a +0 helmet (worn)
Jewellery
 k - an amulet of reflection (around neck)
 o - a ring of resist corrosion (left hand)
Scrolls
 c - a scroll of amnesia {unknown}
 l - a scroll of teleportation {unknown}
 m - 3 scrolls of enchant armour {unknown}
 n - 2 scrolls of immolation {unknown}
 r - a scroll of summoning {unknown}
Potions
 a - a potion of attraction {unknown}
 b - a potion of magic
 g - 4 potions of invisibility {unknown}
 i - a potion of brilliance {unknown}
 j - a potion of flight {unknown}


   Skills:
 + Level 2.9 Dodging
 + Level 2.3 Stealth
 + Level 2.1 Spellcasting
 - Level 3.0 Transmutations
 + Level 0.2 Air Magic
 - Level 5.0 Poison Magic
 + Level 0.4 Invocations


You had 6 spell levels left.
You knew the following spells:

 Your Spells              Type           Power      Damage    Failure   Level
a - Sting                 Tmut/Pois      68%        1d6       3%          1

Your spell library contained the following spells:

 Spells                   Type           Power      Damage    Failure   Level
 Poisonous Vapours        Pois/Air       22%        N/A       9%          2
 Olgreb's Toxic Radiance  Pois           20%        N/A       22%         4
 Mephitic Cloud           Conj/Pois/Air  8%         N/A       24%         3
 Passage of Golubria      Tloc           1%         N/A       86%         4
 Silence                  Hex/Air        1%         N/A       99%         5
 Lehudib's Crystal Spear  Conj/Erth      0%         10d2      100%        8


Dungeon Overview and Level Annotations

Branches:
Dungeon (3/15)

Altars:
Sif Muna
Vehumet

Annotations:
D:3 Ijyb


Innate Abilities, Weirdness & Mutations

((You are very nimble when in or above water. (Stealth+, EV+, Speed+++)))
Your lower body shifts to a powerful aquatic tail in water.


Message History

The sting hits the quokka.
The quokka is poisoned.
The quokka is moderately wounded.
The quokka barely misses you.
Ijyb zaps a wand.
You resist with almost no effort.
You hit Ijyb but do no damage.
Ijyb is severely wounded.
The quokka bites you but does no damage.
The quokka bites you. Ijyb hits you but does no damage.
You hit Ijyb. You freeze Ijyb.
Ijyb is almost dead.
The quokka bites you. Ijyb closely misses you.
You hit Ijyb but do no damage.
Ijyb is almost dead.
The quokka bites you but does no damage.
Ijyb zaps a wand.
You resist with almost no effort.
You barely miss Ijyb.
Ijyb is severely wounded.
The quokka barely misses you. Ijyb hits you with a +5 club!
* * * LOW HITPOINT WARNING * * *
Magic courses through your body. You block the quokka's attack.
Ijyb zaps a wand.
You resist with almost no effort.
Casting: Sting (safe; 3% risk of failure)
Confirm with . or Enter, or press ? or * to list all spells.
Aiming: Sting (safe; 3% risk of failure)
Press: ? - help, Shift-Dir - straight line, f - Ijyb, p - quokka
Aim: Ijyb, wielding a +5 club, wearing a +0 scale mail and carrying a wand of paralysis (1) (almost dead, very poisoned, 71% to hit)
The sting hits Ijyb.
Ijyb looks even sicker.
Ijyb is almost dead.
You kill the quokka!
Sif Muna accepts your kill. You block Ijyb's attack.
Casting: Sting (safe; 3% risk of failure)
Confirm with . or Enter, or press ? or * to list all spells.
Aiming: Sting (safe; 3% risk of failure)
Press: ? - help, Shift-Dir - straight line, f/p - Ijyb
Aim: Ijyb, wielding a +5 club, wearing a +0 scale mail and carrying a wand of paralysis (1) (almost dead, very poisoned, 71% to hit)
The sting hits Ijyb but does no damage.
Ijyb looks as sick as possible!
Ijyb is almost dead.
Ijyb hits you with a +5 club!
You die...

#......_.# .
#........#
..#........#
...........#
...........#
...........#
####
.......g...# #
....
#....@...#.#
####
##.#.......#
####.##.# ##.
##.#
#....#..#####
............#
#
...#.####...#
# . ... #...#
# ...#
#..###########


You could see Ijyb (extremely poisoned).

Vanquished Creatures
  Terence (D:2)
  3 adders (D:2)
  A worm (D:2)
  2 dart slugs
  An orc (D:3)
  6 bats
  4 endoplasms (D:1)
  4 goblins (D:2)
  A hobgoblin (D:2)
  2 quokkas
  7 ball pythons
  2 frilled lizards (D:1)
  5 kobolds (D:1)
  3 rats
42 creatures vanquished.

Notes
Turn   | Place    | Note
-------+----------+-------------------------------------------
     0 | D:1      | NinjaNoafa the Merfolk Venom Mage began the quest for the
                  | Orb.
     0 | D:1      | Reached XP level 1. HP: 13/13 MP: 3/3
   371 | D:1      | Reached XP level 2. HP: 17/19 MP: 0/5
  1131 | D:2      | Reached XP level 3. HP: 24/24 MP: 2/6
  1204 | D:2      | Reached skill level 4 in Poison Magic
  1604 | D:2      | Found a shimmering blue altar of Sif Muna.
  1610 | D:2      | Became a worshipper of Sif Muna the Loreminder
  1634 | D:2      | Identified the +0 robe of Snakes and Ladders {*Corrode
                  | Will+ Int+3}
  1721 | D:2      | Found a faded altar of an unknown god.
  1852 | D:2      | Noticed Terence
  1863 | D:2      | Killed Terence
  1864 | D:2      | Reached XP level 4. HP: 24/30 MP: 1/7
  2016 | D:2      | Reached skill level 5 in Poison Magic
  2408 | D:3      | Noticed Ijyb
  2412 | D:3      | Found a radiant altar of Vehumet.
  2432 | D:3      | Slain by Ijyb

Illustrated notes

Levels and vault maps discovered:
D:1:      dpeg_arrival_tiny_a, layout_rooms
D:2:      minmay_razor_zed, layout_basic, basic_altar, basic_ecumenical_altar,
          uniq_terence
D:3:      corexii_shack_village, layout_basic, overflow_temple_1_default,
          nicolae_figureground_sparkle, uniq_crazy_yiuf_cottage, uniq_ijyb

Skill      XL: |  1  2  3  4 |
---------------+-------------+-----
Transmutations | 2 3 |  3.0
Poison Magic   | 4 5 |  5.0
Dodging        | |  2.9
Stealth        | |  2.3
Spellcasting   | |  2.1
Air Magic      | |  0.2
Invocations    | |  0.4

Action                   |  1- 3 |  4- 6 || total
-------------------------+-------+-------++-------
Melee: Short sword       |    12 |       ||    12
       Dagger            |     1 |    10 ||    11
Throw: Boomerang         |     3 |       ||     3
 Cast: Sting             |    56 |    29 ||    85
  Use: Potion            |       |     1 ||     1
Armor: Robe              |     7 |     8 ||    15
Dodge: Dodged            |    15 |    20 ||    35
Block: Other             |     2 |    11 ||    13

Table legend: (Time is in decaauts)
 A = Elapsed time spent in this place.
 B = Non-inter-level travel time spent in this place.
 C = Inter-level travel time spent in this place.
 D = Time resting spent in this place.
 E = Time spent auto-exploring this place.
 F = Levels seen in this place.
 G = Mean time per level.
                   A        B        C        D        E       F      G
               +--------+--------+--------+--------+--------+-----+--------+
         Total |   2431 |   2359 |     72 |      0 |   2020 |   3 |  810.3 |
       Dungeon |   2431 |   2359 |     72 |      0 |   2020 |   3 |  810.3 |
               +--------+--------+--------+--------+--------+-----+--------+

Top non-repeatable levels by time:
     D:2: 1368 daAuts
     D:1: 936 daAuts
     D:3: 125 daAuts
